 Dungeon Crawl Stone Soup version 0.24.0-37-gcf1ca852f1 (webtiles) character file.

Game seed: 11938149900866065625, levelgen mode: deterministic

422 lepoulpe303 the Firebug (level 6, -4/32 HPs)
             Began as a Deep Elf Fire Elementalist on Nov 26, 2019.
             Shot with an arrow by a centaur (13 damage)
             ... on level 4 of the Dungeon.
             The game lasted 00:17:11 (4045 turns).

lepoulpe303 the Firebug (DEFE)                      Turns: 4045, Time: 00:17:12

Health: -4/32      AC:  4    Str:  5    XL:     6   Next: 63%
Magic:  12/14      EV: 13    Int: 22    God:
Gold:   196        SH:  0    Dex: 15    Spells: 5/14 levels left

rFire    . . .     SeeInvis .   c - +0 short sword
rCold    . . .     Gourm    .   (no shield)
rNeg     . . .     Faith    .   x - +0 troll leather armour {Purgy}
rPois    .         Spirit   .   (no helmet)
rElec    .         Reflect  .   (no cloak)
rCorr    .         Harm     .   (no gloves)
MR       .....                  (no boots)
Stlth    ++........             (no amulet)
HPRegen  0.50/turn              (no ring)
MPRegen  0.14/turn              (no ring)

@: no status effects
A: no striking features
a: no special abilities


You were on level 4 of the Dungeon.
You were not hungry.

You visited 1 branch of the dungeon, and saw 4 of its levels.
You also visited: Sewer.

You collected 196 gold pieces.

Inventory:

Hand Weapons
 c - a +0 short sword (weapon)
Armour
 a - a +0 robe
 x - a +0 troll leather armour (worn) {Purgy}
Jewellery
 o - an uncursed ring of poison resistance {unknown}
 v - a cursed ring of attention {unknown}
Wands
 b - a wand of acid (13)
Scrolls
 f - 2 scrolls of immolation {unknown}
 i - 2 scrolls of identify
 k - 2 scrolls of blinking {unknown}
 m - 2 scrolls of remove curse {unknown}
 n - a scroll of enchant weapon {unknown}
 p - 3 scrolls of magic mapping {unknown}
 t - 6 scrolls of teleportation
 w - a scroll of fear {unknown}
Potions
 d - a potion of haste {unknown}
 g - a potion of brilliance {unknown}
 h - 4 potions of flight
 j - a potion of resistance {unknown}
 l - 4 potions of heal wounds {unknown}
 q - 4 potions of curing
 r - a potion of ambrosia {unknown}
 s - 2 potions of agility {unknown}
 u - a potion of degeneration {unknown}
Comestibles
 e - 8 rations
 z - 10 chunks of flesh


   Skills:
 + Level 0.3 Armour
 + Level 3.7 Dodging
 + Level 4.2 Stealth
 + Level 4.5 Spellcasting
 + Level 3.3 Conjurations
 + Level 2.2 Hexes
 * Level 5.1 Fire Magic


You had 5 spell levels left.
You knew the following spells:

 Your Spells              Type           Power        Failure   Level  Hunger
a - Flame Tongue          Conj/Fire      ###..        3%          1    None
b - Inner Flame           Hex/Fire       ###.....     12%         3    ##.....
c - Conjure Flame         Conj/Fire      ###.....     10%         3    ##.....
x - Throw Flame           Conj/Fire      ###...       4%          2    None

Your spell library contained the following spells:

 Spells                   Type           Power        Failure   Level  Hunger
 Sticky Flame             Conj/Fire      ###.....     30%         4    ####...
 Fireball                 Conj/Fire      ###.......   65%         5    #####..


Dungeon Overview and Level Annotations

Branches:
Dungeon (4/15)              Sewer (visited)
 Temple: D:4-7

Altars:


Message History

A centaur comes into view.
The centaur shouts!
The centaur wields a +0 shortbow.
The centaur shoots an arrow.
The arrow closely misses you.
The centaur shoots an arrow.
The arrow closely misses you.
The centaur shoots an arrow.
The arrow hits you!
You see here an arrow.
You take 12 damage, and have 20/32 hp.
MASSIVE DAMAGE!!
The centaur shoots an arrow.
The arrow closely misses you.
You see here 2 arrows.
The centaur shoots an arrow.
The arrow hits you!
* * * LOW HITPOINT WARNING * * *
You take 15 damage, and have 8/32 hp.
MASSIVE DAMAGE!!
Unknown command.
Aim: a centaur, wielding a +0 shortbow The puff of flame hits the centaur.
The centaur shoots an arrow.
The arrow hits you!
You die...

...##..#.......##....#[..........
.#. #..##.......##...............
.#..#...#....................[...
#...........................>...
.................................
................<................
........#.#..........(...........
##....######.c........<..........
##.......##..(#@.##.............
#... #......(####..............
##.##..#....####...............
#. #....(.##...............
#.....##................
##......................
#c......................
........$................
.#......<.................


You could see a centaur.

Levels and vault maps discovered:
D:1:      dpeg_arrival_tiny_k, layout_loops_ring, minmay_rat_gold_closets
D:2:      layout_loops_ring, st_stairs_12
D:3:      layout_loops_ring, first_ration, minmay_strange_pillars
D:4:      layout_cave_pools, gup_sewer_entry_spiral, hangedman_decor_growths

Notes
Turn   | Place    | Note
-------+----------+-------------------------------------------
     0 | D:1      | lepoulpe303 the Deep Elf Fire Elementalist began the quest
                  | for the Orb.
     0 | D:1      | Reached XP level 1. HP: 10/10 MP: 6/6
     2 | D:1      | You fall into a shaft and drop 1 floor!
    30 | D:2      | Identified a +0 short sword
    56 | D:2      | Identified a +0 dagger
    84 | D:2      | Identified a +0 club
   106 | D:2      | Reached XP level 2. HP: 15/15 MP: 4/8
   134 | D:2      | Learned a level 2 spell: Throw Flame
   538 | D:1      | Identified a +0 club
   541 | D:1      | Reached XP level 3. HP: 19/19 MP: 6/9
   546 | D:1      | Learned a level 3 spell: Conjure Flame
   637 | D:1      | Reached skill level 2 in Conjurations
  1081 | D:2      | Identified a +0 spear
  1082 | D:2      | Identified a +0 flail
  1084 | D:2      | Reached skill level 3 in Stealth
  1085 | D:2      | Identified a +0 flail
  1214 | D:2      | Reached skill level 4 in Fire Magic
  1214 | D:2      | Reached XP level 4. HP: 24/24 MP: 7/11
  1249 | D:2      | Learned a level 3 spell: Inner Flame
  1386 | D:2      | Identified a +0 scale mail
  1511 | D:2      | Reached skill level 3 in Dodging
  1962 | D:3      | Identified a +0 dagger
  1962 | D:3      | Identified a +0 hunting sling
  1971 | D:3      | Identified a +0 scale mail
  2103 | D:3      | Identified a +0 club
  2202 | D:3      | Reached XP level 5. HP: 28/28 MP: 2/12
  2351 | D:3      | Identified a +0 club
  2352 | D:3      | lepoulpe303: !whichgod defe
  2352 | D:3      | meem: 143 recent wins for defe: 117x Vehumet, 18x Sif Muna,
                  | 3x Ashenzari, Uskayaw, Gozag, Ru, , Trog
  2535 | D:3      | Identified a +0 flail
  2541 | D:3      | Identified a +0 dagger
  2541 | D:3      | Identified a +0 robe
  2568 | D:3      | Reached skill level 1 in Hexes
  2627 | D:3      | Identified a cursed -1 mace
  2731 | D:3      | Identified a +0 dagger
  2918 | D:3      | Identified a +0 club
  3028 | D:4      | Reached skill level 4 in Spellcasting
  3099 | D:4      | Identified a +0 hand axe
  3099 | D:4      | Identified a +0 giant club
  3099 | D:4      | Noticed an ogre
  3100 | D:4      | Identified a +0 trident
  3100 | D:4      | Identified a +0 leather armour
  3189 | D:4      | Reached skill level 3 in Conjurations
  3209 | D:4      | Found a glowing drain.
  3213 | Sewer    | Entered a sewer
  3337 | Sewer    | Noticed Purgy
  3390 | Sewer    | Killed Purgy
  3390 | Sewer    | Identified a +0 troll leather armour {Purgy}
  3390 | Sewer    | Reached skill level 4 in Stealth
  3390 | Sewer    | Reached skill level 2 in Hexes
  3390 | Sewer    | Reached XP level 6. HP: 32/32 MP: 7/14
  3532 | Sewer    | Identified 5 scrolls of teleportation
  3561 | Sewer    | Identified 4 scrolls of identify
  3561 | Sewer    | Identified 4 potions of curing
  3562 | Sewer    | Identified 4 potions of flight
  3801 | D:4      | Identified a +0 falchion
  3802 | D:4      | Identified a +0 dagger
  3833 | D:4      | Reached skill level 5 in Fire Magic
  4035 | D:4      | Identified a +0 shortbow
  4044 | D:4      | HP: 8/32 [centaur/arrow (15)]
  4045 | D:4      | Shot with an arrow by a centaur

Table legend:
 A = Turns spent in this place as a percentage of turns spent in the entire game.
 B = Non-inter-level travel turns spent in this place as a percentage of non-inter-level travel turns spent in the entire game.
 C = Inter-level travel turns spent in this place as a percentage of turns spent in this place.
 D = Turns resting spent in this place as a percentage of non-inter-level travel turns spent in this place.
 E = Turns spent auto-exploring this place as a percentage of non-inter-level travel turns spent in this place.
 F = Non-inter-level travel turns spent in this place divided by the number of levels of this place that you've seen.
                   A       B       C       D       E      F
               +-------+-------+-------+-------+-------+----------------------
         Total | 100.0 | 100.0 |   2.2 |  27.9 |  44.0 | 791.2
       Dungeon |  89.3 |  89.1 |   2.5 |  29.1 |  45.3 | 881.0
         Sewer |  10.7 |  10.9 |   0.0 |  18.5 |  33.3 | 432.0
               +-------+-------+-------+-------+-------+----------------------

Table legend:
 A = Kills in this place as a percentage of kills in entire the game.
 B = Kills by you in this place as a percentage of kills by you in the entire game.
 C = Kills by friends in this place as a percentage of kills by friends in the entire game.
 D = Other kills in this place as a percentage of other kills in the entire game.
 E = Experience gained in this place as a percentage of experience gained in the entire game.
 F = Experience gained in this place divided by the number of levels of this place that you have seen.
                   A       B       C       D       E      F
               +-------+-------+-------+-------+-------+----------------------
         Total | 100.0 | 100.0 |   N/A |   N/A | 100.0 | 120.8
       Dungeon |  93.2 |  93.2 |   N/A |   N/A |  77.0 | 116.2
         Sewer |   6.8 |   6.8 |   N/A |   N/A |  23.0 | 139.0
               +-------+-------+-------+-------+-------+----------------------

Skill      XL: |  1  2  3  4  5  6 |
---------------+-------------------+-----
Conjurations   | 2 3 |  3.3
Stealth        | 3 4 |  4.2
Fire Magic     | 4 5 |  5.1
Dodging        | 3 |  3.7
Hexes          | 2 |  2.2
Spellcasting   | 4 |  4.5
Armour         | |  0.3

Action                   |  1- 3 |  4- 6 || total
-------------------------+-------+-------++-------
Melee: Short sword       |    54 |    21 ||    75
 Cast: Flame Tongue      |    26 |    74 ||   100
       Throw Flame       |     6 |    36 ||    42
       Inner Flame       |       |     2 ||     2
  Use: Scroll            |       |     3 ||     3
       Potion            |       |     2 ||     2
 Stab: Sleeping          |     7 |     2 ||     9
  Eat: Chunk             |     1 |     6 ||     7
       Ration            |       |     1 ||     1
Armor: Robe              |    19 |     5 ||    24
Dodge: Dodged            |    51 |    29 ||    80

Vanquished Creatures
  Purgy (Sewer)
  An ogre (D:4)
  An orc wizard (D:3)
  A worker ant (D:4)
  6 adders
  3 gnolls (D:2)
  An ooze (D:3)
  7 worms
  3 dart slugs
  8 orcs
  2 ball pythons (Sewer)
  A giant cockroach (D:4)
  6 goblins
  5 hobgoblins
  4 jackals
  2 quokkas
  6 bats
  6 frilled lizards
  9 kobolds
  15 rats
88 creatures vanquished.
